 Dungeon Crawl Stone Soup version 0.17-a0-1625-g47e540b (webtiles) character file.

11 Kidiri the Sneak (level 2, 0/13 HPs)
             Began as a Spriggan Enchanter on Aug 2, 2015.
             Slain by a jackal (2 damage)
             ... on level 1 of the Dungeon.
             The game lasted 00:02:57 (427 turns).

Kidiri the Sneak (Spriggan Enchanter)                Turns: 427, Time: 00:02:57

Health: 0/13       AC:  3    Str:  4    XL:     2   Next: 13%
Magic:  6/6        EV: 18    Int: 16    God:
Gold:   49         SH:  0    Dex: 16    Spells: 2 memorised, 3 levels left

rFire  + . .     SeeInvis +     a - +1 dagger
rCold  x . .     Clarity  .     b - +1 robe
rNeg   . . .     SustAt   .     (shield restricted)
rPois  .         Gourm    .     (helmet restricted)
rElec  .         Spirit   .     (no cloak)
rCorr  .         Warding  .     (gloves unavailable)
rMut   .         Stasis   .     (boots unavailable)
MR     .....                    (no amulet)
Stlth  +++.......               (no ring)
                                i - ring of fire

@: very quick, not resistant to hostile enchantments, fairly stealthy
A: unfitting armour, see invisible, herbivore 3, speed 3, slow metabolism 2
a: no special abilities


You were on level 1 of the Dungeon.
You were not hungry.

You visited 1 branch of the dungeon, and saw 1 of its levels.

You collected 49 gold pieces.

Inventory:

Hand weapons
 a - a +1 dagger (weapon)
Armour
 b - a +1 robe (worn)
Jewellery
 i - a ring of fire (left hand)
Scrolls
 g - a scroll of identify {unknown}
Potions
 e - 2 potions of haste
 f - a potion of cancellation {unknown}
 h - a potion of heal wounds {unknown}
Books
 c - a book of Maledictions

   Spells                             Type                      Level
   a - Corona                         Hexes                        1
   b - Ensorcelled Hibernation        Hexes/Ice                    2
   c - Confuse                        Hexes                        3
   d - Tukima's Dance                 Hexes                        3
   e - Dazzling Spray                 Conjuration/Hexes            3
Comestibles
 d - 3 bread rations


   Skills:
 + Level 0.0 Fighting
 * Level 1.5 Short Blades
 * Level 3.1 Dodging
 * Level 4.7 Stealth
 * Level 2.8 Spellcasting
 + Level 3.7 Hexes
 + Level 0.0 Ice Magic


You had 3 spell levels left.
You knew the following spells:

 Your Spells              Type           Power        Failure   Level  Hunger
a - Corona                Hex            ##.....      6%          1    #......
b - Ensorcelled Hibernat  Hex/Ice        #.....       14%         2    ##.....


Dungeon Overview and Level Annotations

Branches:
Dungeon (1/15)

Altars:


Innate Abilities, Weirdness & Mutations

You are tiny and cannot use many weapons and most armour.
You have supernaturally acute eyesight.
You are a herbivore.
You cover ground extremely quickly.
You need consume almost no food.


Message History

You hit the jackal.
The jackal is almost dead.
The jackal misses you. The jackal bites you. The jackal barely misses you.
You barely miss the jackal.
The jackal is almost dead.
The jackal bites you but does no damage.
The jackal closely misses you. The jackal bites you. The jackal bites you.
You hit the jackal but do no damage.
The jackal is almost dead.
The jackal barely misses you.
The jackal bites you but does no damage.
The jackal closely misses you. The jackal misses you.
You closely miss the jackal.
The jackal is almost dead.
The jackal misses you. The jackal barely misses you. The jackal bites you.
* * * LOW HITPOINT WARNING * * *
The jackal bites you but does no damage.
You are too injured to fight recklessly!
The jackal bites you.
You die...

###### .....# ###########
####.# #.........##### ####.#
#.............. .....#
#..............
##########..............
...............!.......>
#######.#......hh....... #.#
####h@.# #######.# #...#
......#%#+#####...#
......#...........#
......#......(....##
......#............##########
......#.....................#
.######.#......#.#.#.#.####.#
.# #.#..............# #.#


You could see 3 jackals.

Vanquished Creatures
  2 bats (D:1)
  A giant cockroach (D:1)
  A hobgoblin (D:1)
  2 giant newts (D:1)
  A goblin (D:1)
  A jackal (D:1)
  A kobold (D:1)
  3 rats (D:1)
12 creatures vanquished.

Notes
Turn   | Place    | Note
--------------------------------------------------------------
     0 | D:1      | Kidiri the Spriggan Enchanter began the quest for the Orb.
     0 | D:1      | Reached XP level 1. HP: 9/9 MP: 5/5
   335 | D:1      | Reached XP level 2. HP: 10/13 MP: 6/6
   339 | D:1      | Learned a level 2 spell: Ensorcelled Hibernation
   427 | D:1      | Slain by a jackal

Vault maps used:
D:1:      lemuel_arrival_tunnels, serial_glass, glass_columns_a,
          glass_columns_c, glass_columns_b, glass_columns_b

Action                   || total
-------------------------++-------
Melee: Dagger            ||    38
 Cast: Corona            ||     4
  Use: Potion            ||     3
       Scroll            ||     2
 Stab: Sleeping          ||     3
